Cogmind - Beta 11 X10 @@@ ROGUE MODE // 2022.02.19 @ 11:40:49 Player: aoemica Result: Destroyed by as-94636 with Assembled Focal Cannon Performance ------------- Evolutions (1) 500 Regions Visited (6) 1200 Robots Destroyed (84) 420 Value Destroyed (1927) 1927 Prototype IDs (14) 280 Alien Tech Used (0) 0 Bonus (1555) 1555 TOTAL SCORE: 5882 Bonus ------- High Alert Combat Kills 70 Follower Combat Kills 185 Met Imprinter 300 Destroyed Z-Imprinter 1000 Cogmind --------- Core Integrity 0/400 Matter 233/300 Energy 100/100 System Corruption 0% Temperature Cool (18) Movement Core (200) Ox3 Location -7/Deep Caves Parts ------- > --- POWER (1) -------- Zionite Light DM Reactor > --- PROPULSION (3) --- (None) > --- UTILITY (3) ------ (None) > --- WEAPON (2) ------- Mini Grenade Launcher > --- INVENTORY (5) ---- Zionite Light Carapace Bomb Drone Bay (0/16) Rocket Launcher CR-A16's Pointy Stick Peak State ------------ > --- POWER ------------ Zionite Light DM Reactor > --- PROPULSION ------- Zionite Glidesys I Zionite Glidesys I Zionite Glidesys I > --- UTILITY ---------- Zionite Light Carapace Zionite Heavy Carapace > --- WEAPON ----------- Zionite Laser-S Mini Grenade Launcher > --- INVENTORY -------- Bomb Drone Bay Rocket Launcher CR-A16's Pointy Stick [Rating: 54] Favorites ----------- Power Heavy Ion Engine Engine Heavy Ion Engine Reactor Zionite Light DM Reactor Propulsion Light Treads Treads Light Treads Leg Aluminum Leg Hover Unit Zionite Glidesys I Utility High-capacity Storage Unit Device Heat Sink Storage High-capacity Storage Unit Protection Zionite Light Carapace Weapon Advanced Beam Cannon Energy Gun Zionite Laser-S Energy Cannon Advanced Beam Cannon Ballistic Gun Assault Rifle Ballistic Cannon Light Cannon Launcher Mini Grenade Launcher Piercing Weapon CR-A16's Pointy Stick Build | -11 -10 -10 -9 -9 -7 -7 ------- Run | Scr Mat Min Mat Min Zio Dee Slots Evolved 2 | . . . 2 . . . Power . | . . . . . . . Propulsion 1 | . . . 1 . . . Utility 1 | . . . 1 . . . Weapon . | . . . . . . . Parts Attached 97 | . 19 . 44 5 5 24 Power 7 | . 1 . 5 . . 1 Engine 6 | . 1 . 5 . . . Core . | . . . . . . . Reactor 1 | . . . . . . 1 Propulsion 19 | . 5 . 10 . . 4 Treads 16 | . 5 . 10 . . 1 Leg . | . . . . . . . Wheel . | . . . . . . . Hover 3 | . . . . . . 3 Flight . | . . . . . . . Utility 32 | . 5 . 8 3 5 11 Device 15 | . 1 . 3 3 5 3 Storage 7 | . 4 . 2 . . 1 Processor . | . . . . . . . Hackware . | . . . . . . . Protection 10 | . . . 3 . . 7 Artifact . | . . . . . . . Weapon 39 | . 8 . 21 2 . 8 Energy Gun 2 | . . . . . . 2 Energy Cannon 12 | . . . 9 1 . 2 Ballistic Gun 7 | . 4 . 3 . . . Ballistic Cannon 1 | . . . 1 . . . Launcher 16 | . 4 . 8 1 . 3 Special Weapon . | . . . . . . . Impact Weapon . | . . . . . . . Slashing Weapon . | . . . . . . . Piercing Weapon 1 | . . . . . . 1 Special Melee Weapon . | . . . . . . . Unidentified Prototypes 11 | . . . 1 1 2 7 Parts Lost 10 | . . . 5 . . 5 Power 1 | . . . 1 . . . Propulsion 3 | . . . . . . 3 Utility 4 | . . . 3 . . 1 Weapon 2 | . . . 1 . . 1 Highest Loss Streak 4 | . . . 2 . . 4 To Critical Strikes . | . . . . . . . Average Slot Usage (%) 94 | . 96 100 98 99 97 84 Engine 10 | . 14 14 11 11 11 5 Reactor 1 | . . . . . . 5 Treads 25 | . 25 28 33 33 33 10 Hover 5 | . . . . . . 21 Device 12 | . 5 14 13 21 19 7 Storage 11 | . 19 14 11 11 11 3 Protection 3 | . . . 5 . . 10 Energy Gun 1 | . 2 . . . . 5 Energy Cannon 10 | . . . 12 22 22 6 Ballistic Gun 7 | . 25 14 6 . . . Launcher 3 | . . 14 . . . 7 Naked Turns . | . . . . . . . Heaviest Build 64 | 11 56 48 60 58 64 64 Greatest Support 66 | 20 46 46 66 60 60 60 Greatest Overweight (x) 1 | . 1 1 . . 1 1 Average Overweight (x) . | . . 1 . . . . Largest Inventory Capacity 20 | . 20 20 20 20 20 20 Average Capacity 16 | . 15 20 20 20 20 9 Most Carried 20 | . 18 20 20 20 20 20 Average Carried 15 | . 12 19 19 19 19 9 Final Capacity 20 | 8 20 20 20 20 20 5 Final Carried 20 | 6 18 20 20 20 20 5 Class Distribution -------------------- 60% | Mutant 39% | Scavenger-Mutant Dominant Class ---------------- Mutant | -10/Materials Mutant | -10/Mines Scavenger-Mutant | -9/Materials Scavenger-Mutant | -9/Mines Scavenger-Mutant | -7/Zion Mutant | -7/Deep Caves Resources | -11 -10 -10 -9 -9 -7 -7 ----------- Run | Scr Mat Min Mat Min Zio Dee Matter Collected 2025 | 200 349 60 875 83 92 366 Remotely . | . . . . . . . Salvage Created 2849 | . 719 24 1998 33 . 75 Parts 170 | . 40 1 121 6 . 2 Haulers Intercepted 7 | . 2 . 5 . . . Recyclers Shooed 4 | . 2 . 2 . . . Parts Field Recycled . | . . . . . . . Retrieved Matter . | . . . . . . . Parts Self-Destructed . | . . . . . . . Prevented . | . . . . . . . Kills | -11 -10 -10 -9 -9 -7 -7 ------- Run | Scr Mat Min Mat Min Zio Dee Combat Hostiles Destroyed 57 | . 15 1 35 4 . 2 Guns 19 | . 10 . 9 . . . Cannons 15 | . . . 14 1 . . AOE 22 | . 5 1 11 3 . 2 Classes Destroyed 12 | . 6 . 4 1 . 1 Worker 6 | . . . 4 2 . . Builder 2 | . 1 . 1 . . . Hauler 7 | . 2 . 5 . . . Recycler 7 | . 2 . 5 . . . Watcher 8 | . 3 . 5 . . . Swarmer 12 | . 6 . 3 3 . . Grunt 32 | . 9 1 22 . . . Duelist 2 | . . . 2 . . . Protector 1 | . . . 1 . . . Sentry 7 | . . . 7 . . . Z-Technician 3 | . . . . . . 3 Assembled 3 | . . . . 1 . 2 Best Kill Streak 8 | . 4 1 8 5 . 3 Combat Bots Only 6 | . 4 1 6 3 . 2 Max Kills in Single Turn 4 | . 3 1 4 2 . 2 Gunslinging . | . . . . . . . Exploded 4 | . 2 1 4 1 . 2 Melee . | . . . . . . . Uniques/NPCs Destroyed . | . . . . . . . Combat | -11 -10 -10 -9 -9 -7 -7 -------- Run | Scr Mat Min Mat Min Zio Dee Damage Taken 2628 | . 498 63 1393 94 . 580 Core 510 | . 80 . 229 16 . 185 Absorbed by Shields . | . . . . . . . Regen/Repaired (Parts) 129 | . 129 . . . . . Core Remaining (%) 84 | 100 . 68 . . . . Volleys Fired 180 | . 62 4 106 5 1 2 Largest 2 | . 2 1 2 2 1 2 Hottest 136 | . 70 30 136 136 68 136 Shots Fired 336 | . 115 5 205 7 1 3 Gun 179 | . 108 1 70 . . . Cannon 132 | . . . 125 4 1 2 Launcher 25 | . 7 4 10 3 . 1 Special . | . . . . . . . Kinetic 181 | . 85 1 95 . . . Thermal 130 | . 23 . 100 4 1 2 Explosive 25 | . 7 4 10 3 . 1 Electromagnetic . | . . . . . . . Robot Hit Streak 25 | . 12 3 25 3 . 1 Robot Miss Streak 5 | . 5 1 4 1 . 1 Penetration Max . | . . . . . . . Secondary Targets . | . . . . . . . Shots Hit Robots 206 | . 68 3 127 3 . 5 Core Hits 121 | . 39 2 69 8 . 3 Critical Kills 1 | . . . 1 . . . Critical Parts Destroyed . | . . . . . . . Critical Strikes 3 | . 1 . 2 . . . Burn 1 | . 1 . . . . . Destroy 1 | . . . 1 . . . Blast 1 | . . . 1 . . . Melee Attacks 4 | . . . . . . 4 Impact . | . . . . . . . Slashing . | . . . . . . . Piercing 4 | . . . . . . 4 Sneak Attacks 3 | . . . . . . 3 Combat Hostiles . | . . . . . . . Follow-up Attacks . | . . . . . . . Damage Inflicted 5407 | . 1224 117 3196 340 . 530 Guns 1280 | . 692 . 588 . . . Cannons 1968 | . . . 1884 63 . 21 Explosions 1532 | . 427 113 625 277 . 90 Melee 419 | . . . . . . 419 Ramming 208 | . 105 4 99 . . . Kinetic 1439 | . 505 . 934 . . . Thermal 1809 | . 187 . 1538 63 . 21 Explosive 1532 | . 427 113 625 277 . 90 Electromagnetic . | . . . . . . . Impact . | . . . . . . . Slashing . | . . . . . . . Piercing 419 | . . . . . . 419 Highest Corruption 1 | . 1 1 . . . . Average Corruption 1 | . 1 1 . . . . Corruption Purged . | . . . . . . . Corruption Blocked . | . . . . . . . Effects 11 | . 3 8 . . . . Message Errors 2 | . . 2 . . . . Matter Fused 3 | . 1 2 . . . . Heat Flow Errors 2 | . 2 . . . . . Energy Discharges 2 | . . 2 . . . . Data Loss (minor) 1 | . . 1 . . . . Misfires 1 | . . 1 . . . . Overload Shots . | . . . . . . . Overflow Damage 323 | . . . 28 3 . 292 Projectiles 18 | . . . 15 3 . . Explosions 13 | . . . 13 . . . Melee 292 | . . . . . . 292 Knockbacks 8 | . . . 8 . . . Impact . | . . . . . . . Kinetic 7 | . . . 7 . . . Secondary 1 | . . . 1 . . . Self-Inflicted Damage 90 | . . 36 54 . . . Shots 3 | . . 1 2 . . . Rammed 31 | . 16 1 14 . . . Targets Rammed 50 | . 31 1 18 . . . Kicked 15 | . 15 . . . . . Crushed 4 | . . . 4 . . . Highest Temperature 211 | . 211 4 29 . . 150 Average Temperature 41 | . 56 4 10 . . 59 Received Heat Transfer 816 | . 156 15 555 . . 90 Siege Activations . | . . . . . . . Robots Corrupted . | . . . . . . . Combat Hostiles . | . . . . . . . Parts Fried . | . . . . . . . Impact Corruptions . | . . . . . . . Robots Melted 1 | . . . 1 . . . Combat Hostiles 1 | . . . 1 . . . Parts Melted 10 | . 6 . 4 . . . Heat Transferred 3293 | . 629 . 2516 111 . 37 Parts Sabotaged . | . . . . . . . Parts Stolen . | . . . . . . . Parts Stripped . | . . . . . . . Power Chain Reactions . | . . . . . . . Missiles Intercepted . | . . . . . . . Alert | -11 -10 -10 -9 -9 -7 -7 ------- Run | Scr Mat Min Mat Min Zio Dee Peak Influence 561 | . 289 49 561 210 . . Initial 140 | . . 19 . 140 . . Average 134 | . 112 7 229 123 . . Maximum Alert Level 2 | . 1 . 2 1 . . Low Security (%) 73 | . 89 100 49 62 . . Level 1 22 | . 10 . 40 37 . . Level 2 3 | . . . 10 . . . Level 3 . | . . . . . . . Level 4 . | . . . . . . . Level 5 . | . . . . . . . High Security . | . . . . . . . Max Security . | . . . . . . . Squads Dispatched 9 | . 3 . 6 . . . Investigation 6 | . 2 . 4 . . . Extermination . | . . . . . . . Reinforcement 2 | . 1 . 1 . . . Assault 1 | . . . 1 . . . Garrison . | . . . . . . . Intercept . | . . . . . . . Construction Impeded . | . . . . . . . Haulers Reinforced . | . . . . . . . Active Scanning Responses . | . . . . . . . Cargo Convoy Interrupts . | . . . . . . . Stealth | -11 -10 -10 -9 -9 -7 -7 --------- Run | Scr Mat Min Mat Min Zio Dee Distress Signals 3 | . 2 . 1 . . . Communications Jammed . | . . . . . . . Distress Signals . | . . . . . . . Times Spotted 93 | . 23 2 50 6 . 12 Peak Tracking Total 7 | . 4 1 7 3 . 3 Tactical Retreats 4 | . . . 4 . . . Traps | -11 -10 -10 -9 -9 -7 -7 ------- Run | Scr Mat Min Mat Min Zio Dee Traps Triggered 4 | . 2 . 2 . . . Indirectly . | . . . . . . . Trap Hack Attempts . | . . . . . . . Triggered . | . . . . . . . Disarmed . | . . . . . . . Reprogrammed . | . . . . . . . Reused 1 | . . . . . . 1 Traps Extracted . | . . . . . . . Installed 5 | . . . . . . 5 Triggered . | . . . . . . . Fabricated Traps 5 | . . . . . . 5 Most Traps Carried 3 | . . . . . . 3 Machines | -11 -10 -10 -9 -9 -7 -7 ---------- Run | Scr Mat Min Mat Min Zio Dee Machines Disabled 2 | . . . 2 . . . Max in Single Turn 1 | . . . 1 . . . Machines Sabotaged . | . . . . . . . Garrisons Compromised . | . . . . . . . Overloaded Fab Kills . | . . . . . . . Hacking | -11 -10 -10 -9 -9 -7 -7 --------- Run | Scr Mat Min Mat Min Zio Dee Machines Accessed 21 | . 9 . 11 1 . . Terminals 15 | . 6 . 9 . . . Fabricators . | . . . . . . . Repair Stations 1 | . 1 . . . . . Recycling Units 4 | . 2 . 2 . . . Scanalyzers . | . . . . . . . Garrison Access . | . . . . . . . Total Hacks 56 | . 18 . 37 1 . . Successful 33 | . 10 . 22 1 . . Failed 22 | . 8 . 14 . . . Catastrophic 3 | . . . 3 . . . Database Lockouts 1 | . . . 1 . . . Manual 40 | . 13 . 22 . 5 . Terminals 49 | . 14 . 35 . . . Fabricators . | . . . . . . . Repair Stations 2 | . 2 . . . . . Recycling Units 4 | . 2 . 2 . . . Scanalyzers . | . . . . . . . Garrison Access . | . . . . . . . Terminal Hacks 20 | . 4 . 15 1 . . Part Schematic 1 | . . . 1 . . . Robot Analysis 3 | . 2 . 1 . . . Prototype ID Bank 2 | . 1 . 1 . . . Open Door 1 | . . . . 1 . . Recycling Unit Index 1 | . . . 1 . . . Scanalyzer Index 1 | . . . 1 . . . Alert Level 1 | . . . 1 . . . Unreport Threat 2 | . . . 2 . . . Locate Traps 4 | . 1 . 3 . . . Maintenance Status 1 | . . . 1 . . . Transport Status 1 | . . . 1 . . . Hauler Manifests 1 | . . . 1 . . . Zone Layout 1 | . . . 1 . . . Fabricator Hacks . | . . . . . . . Repair Station Hacks 2 | . 2 . . . . . Scan Component 1 | . 1 . . . . . Repair 1 | . 1 . . . . . Recycling Unit Hacks . | . . . . . . . Scanalyzer . | . . . . . . . Garrison Access Hacks . | . . . . . . . Unauthorized Hacks 11 | . 4 . 7 . . . Terminals 7 | . 2 . 5 . . . Track 1 | . . . 1 . . . Botnet 3 | . 1 . 2 . . . Operators 3 | . 1 . 2 . . . Fabricators . | . . . . . . . Repair Stations . | . . . . . . . Recycling Units 4 | . 2 . 2 . . . Tunnel 4 | . 2 . 2 . . . Scanalyzers . | . . . . . . . Garrison Access . | . . . . . . . Data Cores Recovered . | . . . . . . . Used . | . . . . . . . Hacking Detections 16 | . 7 . 9 . . . Full Trace Events . | . . . . . . . Feedback Events . | . . . . . . . Feedback Blocked . | . . . . . . . Robot Schematics Acquired 4 | . . . . . 4 . Robots Built . | . . . . . . . Authchips . | . . . . . . . Time . | . . . . . . . Total Robot Build Rating . | . . . . . . . Part Schematics Acquired 15 | . . . 1 . 14 . Parts Built . | . . . . . . . Authchips . | . . . . . . . Time . | . . . . . . . Total Part Build Rating . | . . . . . . . Parts Repaired 1 | . 1 . . . . . Time 26 | . 26 . . . . . Parts Recycled . | . . . . . . . Recycled Matter . | . . . . . . . Retrieved Matter . | . . . . . . . Retrieved Components . | . . . . . . . Parts Scanalyzed . | . . . . . . . Part Schematics Acquired . | . . . . . . . Parts Damaged . | . . . . . . . Bothacking | -11 -10 -10 -9 -9 -7 -7 ------------ Run | Scr Mat Min Mat Min Zio Dee Used RIF Installer . | . . . . . . . Robots Hacked . | . . . . . . . Non-combat . | . . . . . . . Combat . | . . . . . . . Robot Hacks Applied . | . . . . . . . Relay Couplers Released . | . . . . . . . Fabnet Peak Effective % . | . . . . . . . Robots Rewired . | . . . . . . . Allies Hacked . | . . . . . . . Hacks Repelled . | . . . . . . . Allies | -11 -10 -10 -9 -9 -7 -7 -------- Run | Scr Mat Min Mat Min Zio Dee Total Allies 4 | . . . . 2 2 . Largest Group 2 | . . . . 2 2 2 Highest-Rated Group 192 | . . . . 50 192 192 Highest-Rated Ally 96 | . . . . 31 96 96 Total Orders 4 | . . . . . . 4 STAY 2 | . . . . . . 2 RETURN 2 | . . . . . . 2 Ally Attacks 56 | . . . . 3 . 53 Total Damage 783 | . . . . 43 . 740 Kills 9 | . . . . 1 . 8 Allies Corrupted . | . . . . . . . Allies Melted . | . . . . . . . Intel | -11 -10 -10 -9 -9 -7 -7 ------- Run | Scr Mat Min Mat Min Zio Dee Robot Analysis Total 3 | . 2 . 1 . . . Derelict Logs Recovered 5 | . . 3 . . 2 . Drone Launches 20 | . . . . . . 20 Drone Recoveries 4 | . . . . . . 4 Exploration | -11 -10 -10 -9 -9 -7 -7 ------------- Run | Scr Mat Min Mat Min Zio Dee Turns Passed 10574 | . 1810 1150 2047 642 2172 2753 Spaces Moved 5965 | 1 886 475 972 383 1217 2031 Core . | . . . . . . . Treads 4176 | . 796 475 972 383 1217 333 Legs 91 | 1 90 . . . . . Wheels . | . . . . . . . Hover 1698 | . . . . . . 1698 Flight . | . . . . . . . Fastest Speed 52 | 120 120 240 160 160 160 52 Average Speed 150 | 120 167 240 160 160 170 103 Slowest Speed 240 | 120 240 240 160 160 240 240 Overloaded Moves . | . . . . . . . Propulsion Burnouts . | . . . . . . . Robots Hopped . | . . . . . . . Cave-ins Triggered . | . . . . . . . Exploration Rate (%) 71 | 2 98 98 75 59 84 81 Regions Visited 6 Branch Regions 4 Pre-discovered Areas 9 | . 2 3 2 . 2 . Known Exits Taken . | . . . . . . . Unknown Exits Taken 6 | 1 1 1 1 1 1 . Scrap Searched 5 | . . 2 . . 3 . Spaces Dug 66 | . 5 . 16 32 . 13 Terrain Destroyed 191 | . 47 20 78 32 . 14 Melee . | . . . . . . . Projectile 5 | . . . 4 . . 1 AOE 186 | . 47 20 74 32 . 13 Terrain Rammed . | . . . . . . . Walls Destroyed . | . . . . . . . Machines Disabled . | . . . . . . . Actions | -11 -10 -10 -9 -9 -7 -7 --------- Run | Scr Mat Min Mat Min Zio Dee Total 7248 | . 1093 481 1266 405 1324 2679 Wait 773 | . 67 . 59 7 86 554 Move 5959 | . 885 474 971 382 1216 2031 Hop . | . . . . . . . Pick Up 62 | . 16 2 28 1 6 9 Fast Attach 31 | . 7 . 6 3 2 13 Attach 15 | . 1 . 6 . 3 5 Detach 14 | . 3 . . . 1 10 Swap 51 | . 11 . 32 2 . 6 Drop 104 | . 10 . 40 5 9 40 Fire 180 | . 62 4 106 5 1 2 Melee 4 | . . . . . . 4 Ram . | . . . . . . . Kick 15 | . 15 . . . . . Crush 35 | . 16 1 18 . . . Escape Stasis . | . . . . . . . Rewire . | . . . . . . . Trap 5 | . . . . . . 5 Miscellaneous . | . . . . . . . Route ------- -11/Scrapyard -10/Materials (discovered 4 exits: *Mat x3 / [*Min]) -10/Mines (discovered 2 exits: *Mat x2) -9/Materials (discovered 3 exits: [*Mat x2] / *Min) -9/Mines -7/Zion (discovered 2 exits: [*Dee] / [*Pro]) -7/Deep Caves (discovered 1 exit: [*Pro]) History --------- Turn | Location | Event 1 | -11/Scrapyard | Discovered new exit (range 0) 1 | -11/Scrapyard | Entered Materials 313 | -10/Materials | Build established: Mutant 489 | -10/Materials | Discovered new exit (range 7) 714 | -10/Materials | Discovered new exit (range 7) 884 | -10/Materials | Discovered new exit (range 8) 1237 | -10/Materials | Discovered new exit (range 12) 1707 | -10/Materials | Repaired Lgt. Treads 1811 | -10/Materials | Entered Mines 1833 | -10/Mines | Learned location of Storage (-8) 1840 | -10/Mines | Learned location of Zion (-7) 2154 | -10/Mines | Discovered new exit (range 5) 2750 | -10/Mines | Discovered new exit (range 5) 2961 | -10/Mines | Entered Materials 2961 | -9/Materials | Evolved 2 slots: Propulsion x1, Utility x1 3025 | -9/Materials | Discovered new exit (range 12) 3397 | -9/Materials | Discovered new exit (range 15) 3612 | -9/Materials | Central database locked down 3676 | -9/Materials | Build established: Scavenger-Mutant 4546 | -9/Materials | Discovered new exit (range 4) 4561 | -9/Materials | First assault squad dispatched 4933 | -9/Materials | Core integrity fell below 50% 5008 | -9/Materials | Entered Mines 5313 | -9/Mines | Assembled infested the area 5317 | -9/Mines | Found the Drone Emporium 5326 | -9/Mines | Found Prototype Device 5326 | -9/Mines | Identified Bomb Drone Bay 5576 | -9/Mines | A Derelict revealed a hidden shortcut to a safe place 5650 | -9/Mines | Entered Zion 5650 | -7/Zion | Accompanied by 2 allies 5677 | -7/Zion | Found CR-A16's Pointy Stick 5700 | -7/Zion | Led the pair of lost Derelicts to a safe place 5724 | -7/Zion | Discovered new exit (range 12) 5730 | -7/Zion | Given the Hacking Drone Bay 5731 | -7/Zion | Found Prototype Device 5731 | -7/Zion | Identified Hacking Drone Bay 6175 | -7/Zion | Acquired unknown access codes intercepted by a Zionite 6370 | -7/Zion | Learned Factory stockpile data 6420 | -7/Zion | Given A8's code to call for help 6539 | -7/Zion | Learned location of Quarantine (-2) 6564 | -7/Zion | Learned location of 1 exit from Factory 6814 | -7/Zion | Learned location of Warlord (-4) 6850 | -7/Zion | Found Prototype Device 7152 | -7/Zion | Opened final containment barrier to the Deep Caves 7179 | -7/Zion | Enhanced Grunt warped into view, answering call for help 7203 | -7/Zion | Enhanced Grunt warped into view, answering call for help 7248 | -7/Zion | Discovered new exit (range 3) 7248 | -7/Zion | Saw the warning signs outside the Deep Caves entrance 7428 | -7/Zion | Identified Bomb Factory No. 2 7722 | -7/Zion | Build established: Mutant 7822 | -7/Zion | Entered Deep Caves 7822 | -7/Deep Caves | Accompanied by 2 allies 8326 | -7/Deep Caves | Attacked by Z-Imprinter 8600 | -7/Deep Caves | Z-Facility disabled 9019 | -7/Deep Caves | Found Prototype Protection 9019 | -7/Deep Caves | Identified Zio. Weapon Casing 9028 | -7/Deep Caves | Found Prototype Protection 9028 | -7/Deep Caves | Identified Zio. Heavy Carapace 9674 | -7/Deep Caves | Discovered new exit (range 7) 10517 | -7/Deep Caves | Spotted as-94636 10572 | -7/Deep Caves | Core integrity fell below 20% 10575 | -7/Deep Caves | Destroyed by as-94636 with Assembled Focal Cannon Last Messages --------------- 10566_ Bomb Drone detonates. 10566_ Bomb Drone destroyed. 10567_ Bomb Drone sneak attacks. 10567_ Bomb Drone detonates. 10567_ Bomb Drone destroyed. 10568_ Bomb Drone released from Bomb Drone Bay. 10568_ The unstable cave ceiling collapses. 10568_ Enhanced Grunt destroyed. 10569_ >> Lost connection to Bomb Drone. 10570_ The unstable cave ceiling collapses. 10570_ >> Reconnected with Bomb Drone. 10570_ Bomb Drone detonates. 10570_ Bomb Drone destroyed. 10571_ as-94636 GOLEM Unit beginning Prototype Device integration. 10571_ The unstable cave ceiling collapses. 10571_ Acquired Zio. Heavy Carapace. 10573_ Dropped Zio. Heavy Carapace. 10575_ The unstable cave ceiling collapses. 10575_ Zio. Light Carapace destroyed. 10575_ Zio. Glidesys I destroyed. Map ----- +----------------------------------------------------+ | ?????????????????????# ##???????????# ## | | ?????????????????????# ##?????????## ## | | ?????????????????????## #?????????# ##### | | ??????????????????????## #?????????# #???## | | ???????????????????????# ##???????## #????# | | ?????????????????????### #????#### #????# | | ????????????????????## ###### ######????# | | ????????????????????# ##?????????# | | ????????????????????# #????#####?# | | ????????????????????##### ###### #???## ### | | ????????????????????????# #????## ##???# ## | | ???????????????????????## ##???## #????# | | ??????????????????????## ##?## ##???# | | ???????????????????#### #?# ##??# ## | | ??????????????????## ### #??# #### | | ??????????????????# #??# #??# | | ??????????????????# ### #?## ##?? | | ??????????????????## ##??## ##?# #?? | | ???????????????????###?????### ###?## #?? | | ?????????????????????????????## ##### #?? | | ?????????????????????????????## ##?? | | ??????????? ???????####??# ####??? | | ????????? ##????##;;##?# ##?????? | | ?????? #???## ### #??????# | | ???? * #??## ## ##????## | | ?? * [* * #?## !=!@ ###### | | ?? * #?# !%! ## | | ? * ### !!#;# | | ? [ # % ## | | [ * ## | | [ # # ## ## | | * # ### # | | # ### #?##### | | # ##?# ## #???### | | ** G #??# ### #??## | | * * #??# #?# #### | | * ##??# ### | | #??## #### | | #??# " #??# | | ## # ##??# """ #### | | ############???# "" # | | # # #??????????????## ## ## | | #### ## ## ##???????????????## ##### ##? | | #????# ?# ?###?????????????????#####???## ##?? | | ??????#??# ??????????????????????????????####??? | | ????????????#????????????????????????????????????? | | | | | | | | | +----------------------------------------------------+ Best States ------------- Heat Dissipation 52 Energy Generation 27 Energy Capacity 280 Matter Stores 352 Matter Capacity 500 Sight Range 16 Terrain Scan Density 10 Additional Mass Support 6 Armor Coverage 1600 Weapon Shielding 100 Evasion (%) 55 Recoil Reduction 3 Item Schematics ----------------- Huge Storage Unit | -9/Materials | Hacked Proton Missile Launcher | -7/Zion | Archive Imp. Target Analyzer | -7/Zion | Archive Mak. Laser | -7/Zion | Archive Adv. Melee Analysis Suite | -7/Zion | Archive Imp. Medium Armor Plating | -7/Zion | Archive Phase Shifter | -7/Zion | Archive Spear | -7/Zion | Archive Imp. Weapon Cycler | -7/Zion | Archive Lrn. Proton Cannon | -7/Zion | Archive Mak. Spear | -7/Zion | Archive Hvy. Machine Gun | -7/Zion | Archive Gatling Laser | -7/Zion | Archive Hyp. Gauss Rifle | -7/Zion | Archive Plasma Cannon | -7/Zion | Archive Robot Schematics ------------------ A-02 Transporter | -7/Zion | Archive H-88 Terminator | -7/Zion | Archive B-48 Gladiator | -7/Zion | Archive L-31 Rogue | -7/Zion | Archive Fabricated ------------ Nothing Alien Tech Used ----------------- None Achievements -------------- None Challenges ------------ None Game ------ Seed ComponentAccelerationSystem Manual? 0 Play Time 00:40:16 Cumulative 614.2 hours Start 2022.02.19 @ 10:48:18 End 2022.02.19 @ 11:40:49 Sessions 1 Manual Loads 0 Difficulty Rogue Special Mode None Game No. 278 Rogue 277 Adventurer 1 Explorer 0 Win Type - Total 62 Types 21/7/10/3/1/0/19/1/0 Lore% 96 Gallery% 98 Achievement% 87 Wizard Run 0 Options --------- ASCII 1 Keyboard 0 Movement Numpad Keybinds 0 Fullscreen 0 Font 18/Smallcaps Map View 76x50 Tactical HUD 1 Map Filters NONE Filters NONE Steam 1 RUN: f1185fa8-e4b2-4488-ab3f-0fd5a6b33bf2